 Dungeon Crawl Stone Soup version 0.28-a0-1190-g77e1c55843 (webtiles) character file.

Game seed: 7397733417684319674

34 Glokmah the Cutter (level 3, -2/24 HPs)
             Began as a Kobold Monk on Dec 18, 2021.
             Slain by Grinder (4 damage)
             ... while paralysed by Grinder
             ... on level 3 of the Dungeon.
             The game lasted 00:03:24 (1845 turns).

Glokmah the Cutter (Kobold Monk)                    Turns: 1845, Time: 00:03:25

Health: -2/24      AC:  2    Str:  8    XL:     3   Next: 50%
Magic:  3/3        EV:  3    Int: 11    God:
Gold:   116        SH:  0    Dex: 19    Spells: 2/2 levels left

rFire   . . .      SeeInvis .   a - +0 short sword
rCold   . . .      Faith    .   (shield restricted)
rNeg    . . .      Spirit   .   b - +0 robe
rPois   +          Reflect  .   (no helmet)
rElec   .          Harm     .   m - scarf {shadows}
rCorr   .          Rampage  .   (no gloves)
Will    .....                   (no boots)
Stlth   ++++......              (no amulet)
HPRegen 0.08/turn               f - ring of poison resistance
MPRegen 0.08/turn               (no ring)

@: paralysed
A: small, no large weapons, nightstalker 3
a: no special abilities


You were on level 3 of the Dungeon.
You visited 1 branch of the dungeon, and saw 3 of its levels.

You collected 116 gold pieces.

Inventory:

Hand Weapons
 a - a +0 short sword (weapon)
Missiles
 c - 132 stones (quivered)
Armour
 b - a +0 robe (worn)
 m - a scarf of shadows (worn)
Jewellery
 f - a ring of poison resistance (left hand)
Scrolls
 g - a scroll of silence {unknown}
 i - a scroll of blinking {unknown}
 j - a scroll of identify {unknown}
 k - a scroll of fog {unknown}
 l - a scroll of fear {unknown}
Potions
 d - a potion of mutation {unknown}
 e - a potion of heal wounds {unknown}
 h - 2 potions of curing {unknown}


   Skills:
 + Level 3.6 Fighting
 * Level 5.0 Short Blades
 - Level 3.6 Dodging
 + Level 3.4 Stealth


You had 2 spell levels left.
You didn't know any spells.
Your spell library was empty.

Dungeon Overview and Level Annotations

Branches:
Dungeon (3/15)

Altars:

Shops:
D:1 (!?((

Annotations:
D:3 Crazy Yiuf, Grinder


Innate Abilities, Weirdness & Mutations

You are small and have problems with some larger weapons.
You are completely attuned to the shadows.


Message History

Crazy Yiuf the Enlightened comes into view.
He is wielding a +4 quarterstaff of chaos.
Found a mace.
Crazy Yiuf shouts!
There is an open translucent door here.
You close the door.
Crazy Yiuf opens the door.
Crazy Yiuf says, "Proton illywillydillykilly senile!"
Crazy Yiuf says, "I'm not crazy!"
Crazy Yiuf screams, "Hah Hive stair!"
Crazy Yiuf says, "Crazy?
Crazy!?
PORCUPINE!"
There is a stone staircase leading up here.
You climb upwards.
There is a stone staircase leading down here.
You see here 23 bolts.
There is a stone staircase leading down here.
You climb downwards.
Level annotation: Crazy Yiuf
There is a stone staircase leading up here.
Found a stone staircase leading down.
There is a stone staircase leading down here.
Grinder comes into view.
The helpless Grinder fails to defend herself.
You impale Grinder!!
Grinder is severely wounded.
Grinder hits you.
You writhe in agony.
You hit Grinder.
Grinder is severely wounded.
Grinder closely misses you.
You hit Grinder.
Grinder is almost dead.
Grinder grins, showing sharp teeth.
Grinder gestures at you.
You suddenly lose the ability to move!
Grinder hits you.
You writhe in agony.
* * * LOW HITPOINT WARNING * * *
Grinder hits you.
* * * LOW HITPOINT WARNING * * *
You writhe in agony.
* * * LOW HITPOINT WARNING * * *
Grinder hits you.
You die...

## # #.# #
#.# # #5#
# #@# #
#.# # #.#
###### #.#
#.....
###.#
#.####
....###
#.# #
......#
###.####
#####.#
#.....##
#.#
###.....##


You could see Grinder.

Vanquished Creatures
  A worm (D:2)
  2 endoplasms
  3 giant cockroaches
  3 goblins (D:1)
  A hobgoblin (D:2)
  2 kobolds (D:1)
  2 quokkas
  6 ball pythons
  4 bats (D:1)
  3 frilled lizards
  5 rats
32 creatures vanquished.

Notes
Turn   | Place    | Note
-------+----------+-------------------------------------------
     0 | D:1      | Glokmah the Kobold Monk began the quest for the Orb.
     0 | D:1      | Reached XP level 1. HP: 14/14 MP: 1/1
   346 | D:1      | Reached XP level 2. HP: 15/19 MP: 2/2
   453 | D:1      | Found a faded altar of an unknown god.
   504 | D:1      | Found Odwabo's Antique Weapon Shoppe.
   526 | D:1      | Found Meush's Magic Scroll Emporium.
   547 | D:1      | Found Fyxzed's Distillery.
   607 | D:1      | Found Sol Geati's Antique Weapon Emporium.
   747 | D:1      | Found Rusch's Antique Weapon Shop.
   976 | D:2      | Reached XP level 3. HP: 23/23 MP: 3/3
  1561 | D:3      | Reached skill level 5 in Short Blades
  1736 | D:3      | Found a runed translucent door.
  1740 | D:3      | Noticed Crazy Yiuf
  1837 | D:3      | Noticed Grinder
  1842 | D:3      | Paralysed by Grinder for 4 turns
  1845 | D:3      | Slain by Grinder

Illustrated notes

Levels and vault maps discovered:
D:1:      dpeg_arrival_solitude, layout_rooms, serial_shops,
          nicolae_square_shop, nicolae_shop_stone, nicolae_shop_waterfront,
          nicolae_shop_trees, shop, shapermc_ecumenical_altar_gd,
          minmay_pentomino_u2
D:2:      layout_rooms
D:3:      layout_loops_ring, uniq_jessica, uniq_grinder, uniq_ijyb, uniq_robin,
          uniq_crazy_yiuf_cottage

Skill      XL: |  1  2  3 |
---------------+----------+-----
Stealth        | 3 |  3.4
Short Blades   | 5 |  5.0
Fighting       | |  3.6
Dodging        | |  3.6

Action                   || total
-------------------------++-------
Melee: Short sword       ||    76
 Stab: Sleeping          ||    23
Armor: Robe              ||     4
Dodge: Dodged            ||    54

Table legend: (Time is in decaauts)
 A = Elapsed time spent in this place.
 B = Non-inter-level travel time spent in this place.
 C = Inter-level travel time spent in this place.
 D = Time resting spent in this place.
 E = Time spent auto-exploring this place.
 F = Levels seen in this place.
 G = Mean time per level.
                   A        B        C        D        E       F      G
               +--------+--------+--------+--------+--------+-----+--------+
         Total |   1840 |   1717 |    123 |    240 |   1100 |   3 |  613.3 |
       Dungeon |   1840 |   1717 |    123 |    240 |   1100 |   3 |  613.3 |
               +--------+--------+--------+--------+--------+-----+--------+

Top non-repeatable levels by time:
     D:1: 924 daAuts
     D:2: 533 daAuts
     D:3: 382 daAuts
